 Dungeon Crawl Stone Soup version 0.28.0 (webtiles) character file.

Game seed: 10216501268649018973

54 mortz the Conjurer (level 4, -6/31 HPs)
             Began as a Human Conjurer on Feb 12, 2022.
             Mangled by Natasha (11 damage)
             ... on level 2 of the Dungeon.
             The game lasted 00:20:55 (1955 turns).

mortz the Conjurer (Human Conjurer)                 Turns: 1955, Time: 00:20:56

Health: -6/31      AC:  5    Str:  7    XL:     4   Next: 12%
Magic:  7/7        EV: 10    Int: 21    God:
Gold:   58         SH:  0    Dex: 11    Spells: 4/7 levels left

rFire   . . .      SeeInvis .   n - +0 club
rCold   . . .      Faith    .   (no shield)
rNeg    . . .      Spirit   .   i - +0 ring mail
rPois   .          Reflect  .   (no helmet)
rElec   .          Harm     .   (no cloak)
rCorr   .          Rampage  .   (no gloves)
Will    .....                   (no boots)
Stlth   +.........              (no amulet)
HPRegen 0.10/turn               (no ring)
MPRegen 0.10/turn               (no ring)

@: no status effects
A: no striking features
a: no special abilities


You were on level 2 of the Dungeon.
You visited 1 branch of the dungeon, and saw 2 of its levels.

You collected 58 gold pieces.

Inventory:

Hand Weapons
 n - a +0 club (weapon)
Missiles
 c - 18 arrows
 f - 2 curare-tipped darts
 h - 4 javelins
 k - 4 datura-tipped darts (quivered)
 l - 42 stones
Armour
 e - a +0 kite shield
 i - a +0 ring mail (worn)
Scrolls
 a - a scroll of identify {unknown}
 b - a scroll of teleportation {unknown}
 m - a scroll of fear {unknown}


   Skills:
 + Level 0.3 Fighting
 + Level 0.2 Throwing
 + Level 1.2 Armour
 + Level 2.5 Dodging
 + Level 2.3 Stealth
 + Level 0.3 Unarmed Combat
 + Level 2.1 Spellcasting
 + Level 4.4 Conjurations


You had 4 spell levels left.
You knew the following spells:

 Your Spells              Type           Power      Damage    Failure   Level
a - Magic Dart            Conj           80%        1d7       9%          1
b - Searing Ray           Conj           40%        2d5       12%         2

Your spell library contained the following spells:

 Spells                   Type           Power      Damage    Failure   Level
 Dazzling Flash           Conj/Hex       22%        N/A       52%         3
 Tukima's Dance           Hex            2%         N/A       83%         3
 Fulminant Prism          Conj/Hex       5%         3d7       89%         4
 Iskenderun's Mystic Bla  Conj/Tloc      11%        2d4       89%         4
 Anguish                  Hex/Necr       1%         N/A       99%         4
 Enfeeble                 Hex            1%         N/A       100%        7


Dungeon Overview and Level Annotations

Branches:
Dungeon (2/15)

Altars:

Annotations:
D:2 Natasha


Message History

You finish channelling your searing ray.
Natasha claws you. The white imp closely misses you.
Natasha closely misses you. The white imp closely misses you.
Throw: 5 darts (datura)
Press: ? - help, Q - select action, (/) - cycle Shift-Dir - straight line, f/p - Natasha
Aim: Natasha (severely wounded, 45% to hit, chance to frenzy on hit: 83%)
You throw a datura-tipped dart. The datura-tipped dart hits Natasha.
Natasha flies into a frenzy!
Natasha is severely wounded.
Natasha closely misses you. The white imp hits you. The white imp freezes you.
You hit Natasha.
Natasha is almost dead.
Natasha closely misses you. Natasha misses you. The white imp hits you.
The white imp freezes you.
You barely miss Natasha.
Natasha is almost dead.
Natasha claws you. x2; The white imp hits you.
* * * LOW HITPOINT WARNING * * *
The white imp freezes you.
* * * LOW HITPOINT WARNING * * *
You barely miss Natasha.
Natasha is almost dead.
Natasha closely misses you. The white imp barely misses you.
Natasha barely misses you.
You barely miss Natasha.
Natasha is almost dead.
Natasha claws you but does no damage.
The white imp hits you but does no damage.
Natasha closely misses you. The white imp barely misses you.
You hit Natasha.
Natasha is almost dead.
Natasha barely misses you. Natasha claws you.
* * * LOW HITPOINT WARNING * * *
The white imp spits at you. The white imp closely misses you.
It was a potion of magic.
Magic courses through your body. Natasha barely misses you.
The white imp hits you but does no damage.
Natasha claws you!
You die...

##.#....#
#.##....#.##
#.####.####.###.#.#.#
#.# #....#.# #.....#
#.. ####...# ###h#.#
##. #..## #.#.### ..
#..# #.....# ## ####
###.###.#
..#####.h...#.#
#.....5@....# #
#####>......#
#..#.....#
....#.....# #.###
........ . ##########


You could see a white imp (summoned) and the neutral Natasha (fast, strong,
insane).

Vanquished Creatures
  Natasha (D:2)
  A dart slug (D:2)
  6 endoplasms (D:1)
  A giant cockroach (D:1)
  2 hobgoblins (D:1)
  3 jackals (D:1)
  2 quokkas
  A ball python (D:2)
  5 bats (D:1)
  A frilled lizard (D:1)
  3 rats (D:2)
26 creatures vanquished.

Vanquished Creatures (others)
  A goblin (D:1)
  3 demonic plants (D:1)
  2 fungi (D:1)
  A plant (D:1)
  3 withered plants (D:1)
10 creatures vanquished.

Grand Total: 36 creatures vanquished

Notes
Turn   | Place    | Note
-------+----------+-------------------------------------------
     0 | D:1      | mortz the Human Conjurer began the quest for the Orb.
     0 | D:1      | Reached XP level 1. HP: 13/13 MP: 3/3
   256 | D:1      | Found a faded altar of an unknown god.
   319 | D:1      | Reached XP level 2. HP: 5/19 MP: 1/5
  1284 | D:1      | Reached XP level 3. HP: 24/24 MP: 3/6
  1595 | D:2      | Learned a level 2 spell: Searing Ray
  1689 | D:2      | Noticed Natasha
  1692 | D:2      | Killed Natasha
  1693 | D:2      | Reached skill level 1 in Armour
  1693 | D:2      | Reached XP level 4. HP: 31/31 MP: 3/7
  1871 | D:2      | Noticed Natasha
  1955 | D:2      | Mangled by Natasha

Illustrated notes

Levels and vault maps discovered:
D:1:      ebering_trefoil_twist, layout_loops_ring, shapermc_ecumenical_altar_gd
D:2:      layout_rooms, minmay_misc_feat_room, uniq_natasha

Skill      XL: |  1  2  3 |
---------------+----------+-----
Armour         | 1 |  1.2
Fighting       | |  0.3
Throwing       | |  0.2
Dodging        | |  2.5
Stealth        | |  2.3
Unarmed Combat | |  0.3
Spellcasting   | |  2.1
Conjurations   | |  4.4

Action                   |  1- 3 |  4- 6 || total
-------------------------+-------+-------++-------
Melee: Unarmed           |    38 |       ||    38
       Punch             |     2 |       ||     2
       Club              |    41 |    10 ||    51
Throw: Dart              |     4 |     1 ||     5
 Cast: Magic Dart        |    32 |       ||    32
       Searing Ray       |     1 |     4 ||     5
  Use: Potion            |       |     1 ||     1
Armor: Leather armour    |    14 |       ||    14
       Ring mail         |    13 |     4 ||    17
Dodge: Dodged            |    48 |    22 ||    70
